 Dungeon Crawl Stone Soup version 0.23.2-1-ga50397a6bc (webtiles) character file.

Game seed: 17315510773371068676

2242 hargerflarg the Fighter (level 9, -5/121 HPs)
             Began as a Minotaur Berserker on May 14, 2019.
             Was a High Priest of Trog.
             Killed from afar by Harold (20 damage)
             ... with a wand of acid (8)
             ... on level 7 of the Dungeon.
             The game lasted 00:21:01 (6995 turns).

hargerflarg the Fighter (Minotaur Berserker)        Turns: 6995, Time: 00:21:01

Health: -5/121     AC:  6    Str: 29    XL:     9   Next: 14%
Magic:  0/8        EV: 15    Int:  4    God:    Trog [*****.]
Gold:   323        SH:  0    Dex: 13    Spells: 8/8 levels left

rFire    . . .     SeeInvis .   w - +0 war axe
rCold    . . .     Gourm    .   (no shield)
rNeg     . . .     Faith    .   s - +0 ring mail
rPois    .         Spirit   +   (helmet restricted)
rElec    .         Reflect  .   u - scarf {Spirit}
rCorr    .         Harm     .   (no gloves)
MR       .....                  (no boots)
Stlth    ..........             r - amulet of regeneration
HPRegen  0.70/turn              i - +2 ring of dexterity
MPRegen  0.11/turn              o - +2 ring of slaying

@: berserking, very quick
A: retaliatory headbutt, horns 2
a: Berserk, Trog's Hand, Brothers in Arms, Renounce Religion


You were on level 7 of the Dungeon.
You worshipped Trog.
Trog was extremely pleased with you.
You were not hungry.

You visited 1 branch of the dungeon, and saw 7 of its levels.

You collected 323 gold pieces.

Inventory:

Hand Weapons
 w - a +0 war axe (weapon)
Missiles
 f - 122 stones (quivered)
Armour
 n - a +0 scale mail
 s - a +0 ring mail (worn)
 u - a scarf of spirit shield (worn)
Jewellery
 i - a +2 ring of dexterity (left hand)
 o - a +2 ring of slaying (right hand)
 r - an amulet of regeneration (around neck)
Wands
 x - a wand of random effects (39)
Scrolls
 e - 5 scrolls of remove curse {unknown}
 l - 2 scrolls of amnesia {unknown}
 m - 6 scrolls of identify
 p - 3 scrolls of teleportation {unknown}
 q - 2 scrolls of blinking {unknown}
 y - a scroll of fear {unknown}
 B - a scroll of noise {unknown}
 C - a scroll of random uselessness {unknown}
Potions
 a - 2 potions of brilliance {unknown}
 b - a potion of invisibility {unknown}
 d - a potion of haste {unknown}
 g - a potion of degeneration {unknown}
 h - 4 potions of flight {unknown}
 j - 7 potions of heal wounds
 k - 7 potions of curing {unknown}
 t - a potion of might {unknown}
 v - 2 potions of agility {unknown}
 z - a potion of mutation {unknown}
 A - a potion of ambrosia {unknown}
Comestibles
 c - 11 rations


   Skills:
 + Level 8.2 Fighting
 + Level 8.1 Axes
 + Level 7.6 Armour
 + Level 7.0 Dodging


You had 8 spell levels left.
You didn't know any spells.
Your spell library was empty.

Dungeon Overview and Level Annotations

Branches:
Dungeon (7/15)             Temple (0/1) D:4

Altars:
Ashenzari
Dithmenos
Elyvilon
Fedhas
Okawaru
Qazlal
Trog
Zin

Annotations:
D:4 2 transporters
D:7 Harold


Innate Abilities, Weirdness & Mutations

You reflexively headbutt those who attack you in melee.
You have a pair of horns on your head.


Message History

Harold completely misses you.
You slash Harold!
Harold is moderately wounded.
Harold hits you with a +0 short sword!
You slash Harold!
Harold is heavily wounded.
Harold zaps a wand.
The bolt of acid hits you!
You are splashed with acid!
* * * LOW HITPOINT WARNING * * *
You hit Harold. You headbutt Harold!
Harold is severely wounded.
Harold hits you with a +0 short sword!
* * * LOW HITPOINT WARNING * * *
A red film seems to cover your vision as you go berserk!
You feel yourself moving faster!
You feel mighty!
You feel quite a bit more hungry. Harold hits you with a +0 short sword.
* * * LOW HITPOINT WARNING * * *
You hit Harold. Your headbutt misses Harold.
Harold is severely wounded.
Harold zaps a wand.
The bolt of acid hits you!!
You die...

#.####)##
#........#
.........###.#
.............#
#..##.#..#####...
#. #....†.......
# ###..########
#..####.(#
......@@(#
....###.## .^
...# ###.# #.#
#.# #.# #..


You could see Harold.

Vanquished Creatures
  A sky beast (D:5)
  2 ogres (D:4)
  2 ice beasts
  4 centaurs
  3 bullfrogs (D:6)
  A scorpion (D:6)
  3 killer bees (D:7)
  A jelly (D:5)
  A hound (D:4)
  6 orc priests
  2 bullfrog skeletons (D:4)
  5 orc wizards
  4 iguanas
  5 worker ants
  2 hound skeletons (D:4)
  2 howler monkey zombies
  2 worker ant zombies (D:5)
  Robin (D:2)
  4 gnolls (D:5)
  16 adders
  2 shadow imps
  An adder zombie (D:5)
  An adder skeleton (D:6)
  4 worms
  3 dart slugs
  2 leopard geckos
  33 orcs
  7 ball pythons
  9 bats
  5 giant cockroaches
  12 goblins
  16 hobgoblins
  2 quokkas
  4 frilled lizards
  8 kobolds
  A leopard gecko skeleton (D:5)
  2 quokka skeletons (D:4)
  A quokka zombie (D:5)
  11 rats
191 creatures vanquished.

Notes
Turn   | Place    | Note
-------+----------+-------------------------------------------
     0 | D:1      | hargerflarg the Minotaur Berserker began the quest for the
                  | Orb.
     0 | D:1      | Reached XP level 1. HP: 19/19 MP: 0/0
   233 | D:1      | Reached XP level 2. HP: 26/27 MP: 1/1
   846 | D:1      | Reached XP level 3. HP: 30/33 MP: 2/2
  1300 | D:2      | Reached ** piety under Trog
  1884 | D:2      | Reached XP level 4. HP: 40/41 MP: 3/3
  2357 | D:2      | Noticed Robin
  2365 | D:2      | Killed Robin
  2438 | D:2      | Reached XP level 5. HP: 41/47 MP: 4/4
  2445 | D:2      | Reached *** piety under Trog
  3143 | D:3      | Found a shattered altar of Ashenzari.
  3143 | D:3      | Found a bloodstained altar of Trog.
  3144 | D:3      | Found a glowing silver altar of Zin.
  3308 | D:3      | Found an iron altar of Okawaru.
  3399 | D:3      | Found a faded altar of an unknown god.
  3416 | D:3      | Reached skill level 5 in Fighting
  3416 | D:3      | Reached skill level 5 in Axes
  3639 | D:3      | Found a stormy altar of Qazlal.
  3795 | D:4      | Found a staircase to the Ecumenical Temple.
  3799 | D:4      | Noticed a centaur
  3821 | D:4      | Killed a centaur
  3821 | D:4      | Reached XP level 6. HP: 33/56 MP: 5/5
  4275 | D:4      | Found a transporter.
  4285 | D:4      | Reached **** piety under Trog
  4288 | D:4      | Reached skill level 5 in Armour
  4288 | D:4      | Reached XP level 7. HP: 62/62 MP: 4/6
  4407 | D:4      | Found a transporter.
  4408 | D:4      | Found a white marble altar of Elyvilon.
  4627 | D:4      | Reached skill level 5 in Dodging
  4804 | D:5      | Entered Level 5 of the Dungeon
  5146 | D:5      | Reached XP level 8. HP: 68/71 MP: 5/7
  6064 | D:6      | Found a shadowy altar of Dithmenos.
  6154 | D:6      | Reached ***** piety under Trog
  6414 | D:6      | Reached XP level 9. HP: 81/81 MP: 8/8
  6660 | D:6      | Found a blossoming altar of Fedhas.
  6980 | D:7      | Noticed Harold
  6995 | D:7      | Killed from afar by Harold

Skill      XL: |  1  2  3  4  5  6  7  8  9 |
---------------+----------------------------+-----
Fighting       | 4 5 6 8 |  8.2
Axes           | 4 5 6 8 |  8.1
Armour         | 3 4 5 6 7 |  7.6
Dodging        | 3 4 5 6 7 |  7.0

Action                   |  1- 3 |  4- 6 |  7- 9 || total
-------------------------+-------+-------+-------++-------
Melee: Hand axe          |    87 |   146 |     4 ||   237
       Headbutt          |    19 |    16 |    28 ||    63
       War axe           |       |       |   132 ||   132
Throw: Stone             |       |    19 |     2 ||    21
Invok: Berserk           |       |     4 |     4 ||     8
Evoke: Wand              |       |       |     1 ||     1
  Use: Scroll            |     3 |       |       ||     3
 Stab: Sleeping          |       |     1 |       ||     1
  Eat: Chunk             |     3 |     7 |    11 ||    21
       Ration            |       |     1 |     1 ||     2
Armor: Animal skin       |     9 |       |       ||     9
       Leather armour    |     7 |    18 |       ||    25
       Scale mail        |       |    15 |       ||    15
       Ring mail         |       |     4 |    32 ||    36
Dodge: Dodged            |    54 |    99 |   106 ||   259
